 Dungeon Crawl Stone Soup version 0.27-a0-1186-g8b4daa1eef (webtiles) character file.

Game seed: 6759618914182549502

154 chippings the Skirmisher (level 5, -1/41 HPs)
             Began as a Mummy Gladiator on May 19, 2021.
             Slain by a phantom (2 damage)
             ... on level 3 of the Dungeon.
             The game lasted 00:06:55 (3315 turns).

chippings the Skirmisher (Mummy Gladiator)          Turns: 3315, Time: 00:06:55

Health: -1/41      AC: 10    Str: 19    XL:     5   Next: 13%
Magic:  6/6        EV: 12    Int:  7    God:
Gold:   185        SH:  0    Dex: 13    Spells: 3/6 levels left

rFire    x . .     SeeInvis .   e - +0 dagger (speed)
rCold    + . .     Faith    .   (no shield)
rNeg     + + +     Spirit   .   r - +0 leather armour
rPois    ∞         Reflect  .   c - +0 helmet
rElec    .         Harm     .   h - +0 cloak
rCorr    .         Rampage  .   i - +0 pair of gloves
Will     .....                  (no boots)
Stlth    +.........             (no amulet)
HPRegen  0.13/turn              b - +4 ring of protection
MPRegen  0.10/turn              o - ring of wizardry

@: no status effects
A: cold resistance 1, negative energy resistance 3, torment resistance 2, heat
vulnerability 1, no potions
a: no special abilities


You were on level 3 of the Dungeon.
You visited 1 branch of the dungeon, and saw 4 of its levels.

You collected 185 gold pieces.

Inventory:

Hand Weapons
 a - a +0 flail
 e - a +0 dagger of speed (weapon)
 p - a +0 rapier
Missiles
 d - 3 throwing nets (quivered)
Armour
 c - a +0 helmet (worn)
 f - a +0 ring mail
 h - a +0 cloak (worn)
 i - a +0 pair of gloves (worn)
 r - a +0 leather armour (worn)
Jewellery
 b - a +4 ring of protection (left hand)
 o - a ring of wizardry (right hand)
 q - a +6 ring of intelligence
Scrolls
 j - 2 scrolls of enchant armour {unknown}
 k - a scroll of identify {unknown}
 l - 2 scrolls of enchant weapon {unknown}
 m - a scroll of summoning {unknown}
 n - a scroll of vulnerability {unknown}
 s - a scroll of fear {unknown}


   Skills:
 + Level 3.1 Fighting
 * Level 2.5 Short Blades
 - Level 2.7 Maces & Flails
 - Level 1.5 Throwing
 - Level 2.4 Dodging
 + Level 1.0 Spellcasting
 + Level 0.4 Conjurations
 + Level 0.6 Air Magic
 + Level 0.5 Poison Magic


You had 3 spell levels left.
You knew the following spells:

 Your Spells              Type           Power      Damage    Failure   Level
a - Mephitic Cloud        Conj/Pois/Air  1%         N/A       43%         3

Your spell library contained the following spells:

 Spells                   Type           Power      Damage    Failure   Level
 Magic Dart               Conj           4%         1d3       16%         1
 Blink                    Tloc           N/A        N/A       28%         2
 Call Imp                 Summ           0%         N/A       28%         2
 Slow                     Hex            0%         N/A       28%         2
 Conjure Flame            Conj/Fire      0%         6-21      45%         3


Dungeon Overview and Level Annotations

Branches:
Dungeon (4/15)
 Temple: D:4-7

Altars:


Innate Abilities, Weirdness & Mutations

You are immune to poison.
Your flesh is cold resistant. (rC+)
You are immune to negative energy. (rN+++)
You are immune to unholy pain and torment.
You are vulnerable to heat. (rF-)
You do not drink.


Message History

The phantom is almost destroyed.
The phantom closely misses you.
You closely miss the phantom.
The phantom is almost destroyed.
You closely miss the phantom.
The phantom is almost destroyed.
The phantom hits you.
You closely miss the phantom.
The phantom is almost destroyed.
The phantom hits you!
* * * LOW HITPOINT WARNING * * *
You miss the phantom.
The phantom is almost destroyed.
You closely miss the phantom.
The phantom is almost destroyed.
The phantom hits you.
* * * LOW HITPOINT WARNING * * *
You hit the phantom but do no damage.
The phantom is almost destroyed.
You hit the phantom but do no damage.
The phantom is almost destroyed.
The phantom hits you.
* * * LOW HITPOINT WARNING * * *
The phantom blinks!
You blink.
You hit the phantom but do no damage.
The phantom is almost destroyed.
You closely miss the phantom.
The phantom is almost destroyed.
The phantom closely misses you.
You aren't carrying any items that you can evoke.
As you read the scroll labelled CUFFUBBORI, it crumbles to dust.
It is a scroll of amnesia.
Really abort (and waste the scroll)? [Y]es or [N]o only, please.
Really abort (and waste the scroll)?
Uppercase [Y]es or [N]o only, please.
Really abort (and waste the scroll)?
Okay, then.
The phantom hits you.
You die...

#.#....÷..#
#...<................
#.#.......#
#............########
#.#.......#
#............'.......
#.#.......#
##...........########
#'#.......#
#...........'.......
...!...)..#
#...........########
..........#
#......§............
........###
#..W..§...>......##.
........#
#..@........####.##.
...=....#
#...........'..#.##.
......###
#...........##.#.##.
......#####
#...........'..#.##.
..........#
#...........####.##.
..........#
##.....#########.##.
##........# #[....#
#......... ##.......#
#.....# #.........
#.......# #.....#
#.........


You could see a phantom.

Vanquished Creatures
  A hound (D:4)
  An orc priest (D:4)
  An adder (D:2)
  A worm (D:3)
  2 dart slugs
  4 orcs
  4 endoplasms
  6 giant cockroaches
  3 goblins (D:3)
  7 hobgoblins
  11 jackals
  2 kobolds
  2 quokkas
  6 ball pythons
  A ball python zombie (D:1)
  3 bats
  4 frilled lizards
  A jackal zombie (D:1)
  5 rats
65 creatures vanquished.

Notes
Turn   | Place    | Note
-------+----------+-------------------------------------------
     0 | D:1      | chippings the Mummy Gladiator began the quest for the Orb.
     0 | D:1      | Reached XP level 1. HP: 16/16 MP: 1/1
   297 | D:1      | Reached XP level 2. HP: 19/22 MP: 2/2
   434 | D:1      | Found a faded altar of an unknown god.
   576 | D:1      | Reached skill level 1 in Short Blades
   932 | D:2      | Reached XP level 3. HP: 28/28 MP: 3/3
  1825 | D:3      | Reached XP level 4. HP: 34/34 MP: 4/4
  1998 | D:3      | Learned a level 3 spell: Mephitic Cloud
  2474 | D:4      | Reached skill level 3 in Fighting
  3133 | D:4      | Reached skill level 1 in Spellcasting
  3133 | D:4      | Reached XP level 5. HP: 36/41 MP: 6/6
  3136 | D:4      | Noticed an orc warrior
  3186 | D:4      | Noticed a phantom
  3311 | D:3      | HP: 1/41 [phantom (5)]
  3315 | D:3      | Slain by a phantom

Illustrated notes

Levels and vault maps discovered:
D:1:      saegor_arrival_fortress, layout_basic,
          hellmonk_ecumenical_altar_arch_garden, serial_curves, eino_curves_03,
          eino_curves_01
D:2:      minmay_diamond_boxcup, layout_basic
D:3:      layout_basic
D:4:      layout_basic, overflow_temple_1_default, minmay_manual_monolith

Skill      XL: |  1  2  3  4 |
---------------+-------------+-----
Short Blades   | 1 2 |  2.5
Fighting       | 3 |  3.1
Spellcasting   | 1 |  1.0
Maces & Flails | |  2.7
Throwing       | |  1.5
Dodging        | |  2.4
Conjurations   | |  0.4
Air Magic      | |  0.6
Poison Magic   | |  0.5

Action                   |  1- 3 |  4- 6 || total
-------------------------+-------+-------++-------
Melee: Flail             |    26 |       ||    26
       Dagger            |   266 |   235 ||   501
  Use: Scroll            |       |     1 ||     1
Armor: Leather armour    |    13 |    50 ||    63
       Ring mail         |    94 |    11 ||   105
Dodge: Dodged            |   131 |   106 ||   237

Table legend: (Time is in decaauts)
 A = Elapsed time spent in this place.
 B = Non-inter-level travel time spent in this place.
 C = Inter-level travel time spent in this place.
 D = Time resting spent in this place.
 E = Time spent auto-exploring this place.
 F = Levels seen in this place.
 G = Mean time per level.
                   A        B        C        D        E       F      G
               +--------+--------+--------+--------+--------+-----+--------+
         Total |   3127 |   3065 |     62 |    377 |   1698 |   4 |  781.8 |
       Dungeon |   3127 |   3065 |     62 |    377 |   1698 |   4 |  781.8 |
               +--------+--------+--------+--------+--------+-----+--------+

Top non-repeatable levels by time:
     D:3: 1284 daAuts
     D:2: 758 daAuts
     D:1: 703 daAuts
     D:4: 382 daAuts
